TOP OF THE 1ST |
Houston Marshals batting - Pitching for San Francisco Bandits : LHP Manuel Rodríguez
|
Pitching: LHP Manuel Rodríguez
|
|
Batting: RHB Alberto Velásquez
|
0-0: Ball 1-0: Ball 2-0: Called Strike 2-1: Called Strike 2-2: Ball 3-2: SINGLE (Line Drive, 8LS)
|
Batting: LHB John Peterson
|
0-0: Ball 1-0: Called Strike 1-1: Ball 2-1: Called Strike 2-2: Ball 3-2: Fly out, F5 (Line Drive, 56S)
|
Batting: RHB Chris Parker
|
0-0: Called Strike 0-1: Ball 1-1: Ball 2-1: Foul Ball, location: 2F 2-2: Ball 3-2: Fly out, F8 (Flyball, 8RD)
|
Batting: LHB José Rodríguez
|
0-0: Ball 1-0: Ball 2-0: Ball 3-0: Fielders Choice at 2nd, 4-6 (Groundball, 4)
|
Top of the 1st over - 0 run(s), 1 hit(s), 0 error(s), 0 left on base; Houston 0 - San Francisco 0 |
BOTTOM OF THE 1ST |
San Francisco Bandits batting - Pitching for Houston Marshals : RHP Ron Scott
|
Pitching: RHP Ron Scott
|
|
Batting: RHB Javier Ramírez
|
0-0: SINGLE (Line Drive, 34D)
|
Batting: RHB Gustavo Ortíz
|
0-0: Ball 1-0: Grounds into double play, 6-4-3 (Groundball, 6)
|
Batting: RHB Owen Carter
|
0-0: Foul Ball, location: 2F 0-1: Ball 1-1: Foul Ball, location: 2F 1-2: Foul Ball, location: 2F 1-2: Ball 2-2: Ball 3-2: Base on Balls
|
Batting: RHB Juan Mendoza
|
0-0: Swinging Strike 0-1: Fielders Choice at 2nd, 6-4 (Groundball, 6)
|
Bottom of the 1st over - 0 run(s), 1 hit(s), 0 error(s), 0 left on base; Houston 0 - San Francisco 0 |
TOP OF THE 2ND |
Houston Marshals batting - Pitching for San Francisco Bandits : LHP Manuel Rodríguez
|
Batting: LHB Matt Smith
|
0-0: Ball 1-0: Called Strike 1-1: Swinging Strike 1-2: Foul Ball, location: 2F 1-2: Foul Ball, location: 2F 1-2: Strikes out swinging
|
Batting: LHB Lewis Barr
|
0-0: Ball 1-0: Ball 2-0: Ball 3-0: Ground out 6-3 (Groundball, 6)
|
Batting: RHB Jim Tracy
|
0-0: Ball 1-0: Ball 2-0: Called Strike 2-1: Swinging Strike 2-2: Strikes out swinging
|
Top of the 2nd over - 0 run(s), 0 hit(s), 0 error(s), 0 left on base; Houston 0 - San Francisco 0 |
BOTTOM OF THE 2ND |
San Francisco Bandits batting - Pitching for Houston Marshals : RHP Ron Scott
|
Batting: LHB Mario García
|
0-0: Foul Ball, location: 2F 0-1: Ball 1-1: Called Strike 1-2: Foul Ball, location: 2F 1-2: Foul Ball, location: 2F 1-2: SINGLE (Flyball, 7S)
|
Batting: RHB Cory Foster
|
0-0: Called Strike 0-1: Ball 1-1: Grounds into double play, 5-4-3 (Groundball, 56)
|
Batting: LHB Anacleto Morillo
|
0-0: Called Strike 0-1: Swinging Strike 0-2: SINGLE (Line Drive, 89S)
|
Batting: RHB Ramón Ruíz
|
0-0: Called Strike 0-1: Ball 1-1: Ball 2-1: Foul Ball, location: 2F 2-2: Strikes out swinging
|
Bottom of the 2nd over - 0 run(s), 2 hit(s), 0 error(s), 1 left on base; Houston 0 - San Francisco 0 |
TOP OF THE 3RD |
Houston Marshals batting - Pitching for San Francisco Bandits : LHP Manuel Rodríguez
|
Batting: RHB Sadao Kimura
|
0-0: Ball 1-0: SINGLE (Line Drive, 7S)
|
Batting: RHB Gustavo Díaz
|
0-0: Ball 1-0: Fly out, F8 (Flyball, 8LXD)
|
Batting: RHB Alberto Velásquez
|
0-0: Ball 1-0: Fly out, F9 (Flyball, 9LSF)
|
Batting: LHB John Peterson
|
0-0: Ball 1-0: Ball 2-0: Ball 3-0: Base on Balls Sadao Kimura to second
|
Batting: RHB Chris Parker
|
0-0: Called Strike 0-1: Ball 1-1: Ball 2-1: Foul Ball, location: 2F 2-2: Strikes out swinging
|
Top of the 3rd over - 0 run(s), 1 hit(s), 0 error(s), 2 left on base; Houston 0 - San Francisco 0 |
BOTTOM OF THE 3RD |
San Francisco Bandits batting - Pitching for Houston Marshals : RHP Ron Scott
|
Batting: LHB Alberto Gómez
|
0-0: Ball 1-0: DOUBLE (Flyball, 78XD)
|
Batting: RHB Javier Ramírez
|
0-0: Ball 1-0: Called Strike 1-1: Ball 2-1: Foul Ball, location: 2F 2-2: Foul Ball, location: 2F 2-2: Ground out 4-3 (Groundball, 4) Alberto Gómez to third
|
Batting: RHB Gustavo Ortíz
|
0-0: Swinging Strike 0-1: Foul Ball, location: 2F 0-2: Ball 1-2: Fly out, F7 (Flyball, 7D) Runner from 3rd tags up, SCORES, no throw
|
Batting: RHB Owen Carter
|
0-0: Called Strike 0-1: Called Strike 0-2: Foul Ball, location: 2F 0-2: Ball 1-2: Ball 2-2: Ground out 4-3 (Groundball, 4)
|
Bottom of the 3rd over - 1 run(s), 1 hit(s), 0 error(s), 0 left on base; Houston 0 - San Francisco 1 |
TOP OF THE 4TH |
Houston Marshals batting - Pitching for San Francisco Bandits : LHP Manuel Rodríguez
|
Batting: LHB José Rodríguez
|
0-0: Called Strike 0-1: Swinging Strike 0-2: Strikes out looking
|
Batting: LHB Matt Smith
|
0-0: Ball 1-0: Foul Ball, location: 2F 1-1: Ball 2-1: Ball 3-1: SINGLE (Flyball, 8LS)
|
Batting: LHB Lewis Barr
|
0-0: Called Strike 0-1: Ball 1-1: Ball 2-1: Ball 3-1: Called Strike 3-2: Foul Ball, location: 2F 3-2: Strikes out swinging
|
Batting: RHB Jim Tracy
|
0-0: Ball 1-0: Ball 2-0: Foul Ball, location: 2F 2-1: 2-RUN HOME RUN (Flyball, 8RXD), Distance : 426 ft
|
Batting: RHB Sadao Kimura
|
0-0: Called Strike 0-1: Ball 1-1: Ball 2-1: Ball 3-1: Base on Balls
|
Batting: RHB Gustavo Díaz
|
0-0: Ball 1-0: Swinging Strike 1-1: Foul Ball, location: 2F 1-2: Ball 2-2: Strikes out swinging
|
Top of the 4th over - 2 run(s), 2 hit(s), 0 error(s), 1 left on base; Houston 2 - San Francisco 1 |
BOTTOM OF THE 4TH |
San Francisco Bandits batting - Pitching for Houston Marshals : RHP Ron Scott
|
Batting: RHB Juan Mendoza
|
0-0: Foul Ball, location: 2F 0-1: DOUBLE (Flyball, 78M)
|
Batting: LHB Mario García
|
0-0: Ball 1-0: Ball 2-0: Ball 3-0: Called Strike 3-1: Fly out, F9 (Line Drive, 9S)
|
Batting: RHB Cory Foster
|
0-0: Ball 1-0: Called Strike 1-1: Ball 2-1: Ball 3-1: Ground out 1-3 (Groundball, 13S) Juan Mendoza to third
|
Batting: LHB Anacleto Morillo
|
0-0: Ball 1-0: Called Strike 1-1: Swinging Strike 1-2: Ground out 4-3 (Groundball, 4)
|
Bottom of the 4th over - 0 run(s), 1 hit(s), 0 error(s), 1 left on base; Houston 2 - San Francisco 1 |
TOP OF THE 5TH |
Houston Marshals batting - Pitching for San Francisco Bandits : LHP Manuel Rodríguez
|
Batting: RHB Alberto Velásquez
|
0-0: Called Strike 0-1: Ball 1-1: Foul Ball, location: 2F 1-2: Ball 2-2: Ball 3-2: Base on Balls
|
Batting: LHB John Peterson
|
0-0: Ball 1-0: Ball Alberto Velásquez steals 2nd base 2-0: Foul Ball, location: 2F 2-1: Ball 3-1: Foul Ball, location: 2F 3-2: Foul Ball, location: 2F 3-2: SINGLE (Groundball, 56D) Alberto Velásquez to third
|
Pitching: RHP Alfonso Martínez
|
|
Batting: RHB Chris Parker
|
0-0: Swinging Strike 0-1: Ball 1-1: Called Strike 1-2: Ball 2-2: Strikes out swinging
|
Batting: LHB José Rodríguez
|
0-0: Ball 1-0: 3-RUN HOME RUN (Flyball, 9D), Distance : 398 ft
|
Batting: LHB Matt Smith
|
0-0: Foul Ball, location: 2F 0-1: Foul Ball, location: 2F 0-2: Ball 1-2: Fly out, F7 (Flyball, 7LS)
|
Batting: LHB Lewis Barr
|
0-0: Ground out 6-3 (Groundball, 6)
|
Top of the 5th over - 3 run(s), 2 hit(s), 0 error(s), 0 left on base; Houston 5 - San Francisco 1 |
BOTTOM OF THE 5TH |
San Francisco Bandits batting - Pitching for Houston Marshals : RHP Ron Scott
|
Batting: RHB Ramón Ruíz
|
0-0: Ball 1-0: Ball 2-0: Ball 3-0: Called Strike 3-1: Called Strike 3-2: Base on Balls
|
Batting: LHB Alberto Gómez
|
0-0: Foul Ball, location: 2F 0-1: Called Strike 0-2: Foul Ball, location: 2F 0-2: Ball 1-2: Ball 2-2: Ball 3-2: Base on Balls Ramón Ruíz to second
|
Batting: RHB Javier Ramírez
|
0-0: Ball 1-0: DOUBLE (Line Drive, 78D) Ramón Ruíz scores Alberto Gómez to third Runner from 3rd tries for Home, SAFE, throw made home
|
Batting: RHB Gustavo Ortíz
|
0-0: Ball 1-0: Swinging Strike 1-1: Called Strike 1-2: Ball 2-2: Strikes out looking
|
Batting: RHB Owen Carter
|
0-0: Ball 1-0: Foul Ball, location: 2F 1-1: Ground out 5-3 (Groundball, 5)
|
Batting: RHB Juan Mendoza
|
0-0: Swinging Strike 0-1: Fly out, F9 (Flyball, 9S)
|
Bottom of the 5th over - 2 run(s), 1 hit(s), 0 error(s), 1 left on base; Houston 5 - San Francisco 3 |
TOP OF THE 6TH |
Houston Marshals batting - Pitching for San Francisco Bandits : RHP Alfonso Martínez
|
Batting: RHB Jim Tracy
|
0-0: Swinging Strike 0-1: Called Strike 0-2: Ball 1-2: Ball 2-2: Ball 3-2: Foul Ball, location: 2F 3-2: Base on Balls
|
Batting: RHB Sadao Kimura
|
0-0: Swinging Strike 0-1: Fly out, F5 (Line Drive, 5)
|
Batting: RHB Gustavo Díaz
|
0-0: Swinging Strike 0-1: Ball 1-1: Fly out, F9 (Flyball, 9LS)
|
Batting: RHB Alberto Velásquez
|
0-0: Ball 1-0: Swinging Strike 1-1: Foul Ball, location: 2F 1-2: Strikes out looking
|
Top of the 6th over - 0 run(s), 0 hit(s), 0 error(s), 1 left on base; Houston 5 - San Francisco 3 |
BOTTOM OF THE 6TH |
San Francisco Bandits batting - Pitching for Houston Marshals : RHP Ron Scott
|
Batting: LHB Mario García
|
0-0: Ball 1-0: Ball 2-0: Called Strike 2-1: Foul Ball, location: 2F 2-2: Ground out U3 (Groundball, 34)
|
Batting: RHB Cory Foster
|
0-0: Ball 1-0: Ball 2-0: Ground out 4-3 (Groundball, 4)
|
Batting: LHB Anacleto Morillo
|
0-0: Ball 1-0: Fly out, F8 (Line Drive, 78M)
|
Bottom of the 6th over - 0 run(s), 0 hit(s), 0 error(s), 0 left on base; Houston 5 - San Francisco 3 |
TOP OF THE 7TH |
Houston Marshals batting - Pitching for San Francisco Bandits : RHP Alfonso Martínez
|
Batting: LHB John Peterson
|
0-0: Swinging Strike 0-1: Foul Ball, location: 2F 0-2: Ball 1-2: Ground out 4-3 (Groundball, 4)
|
Batting: RHB Chris Parker
|
0-0: Swinging Strike 0-1: Foul Ball, location: 2F 0-2: Fly out, F9 (Flyball, 89M)
|
Batting: LHB José Rodríguez
|
0-0: Ball 1-0: Called Strike 1-1: Ball 2-1: Foul Ball, location: 2F 2-2: Foul Ball, location: 2F 2-2: Foul Ball, location: 2F 2-2: Ball 3-2: Foul Ball, location: 2F 3-2: Reached on error, E7 (Flyball, 7D)
|
Pitching: RHP Felipe Reyes
|
|
Batting: LHB Matt Smith
|
0-0: Called Strike 0-1: Foul Ball, location: 2F 0-2: Foul Ball, location: 2F 0-2: Ball 1-2: Strikes out looking
|
Top of the 7th over - 0 run(s), 0 hit(s), 1 error(s), 1 left on base; Houston 5 - San Francisco 3 |
BOTTOM OF THE 7TH |
San Francisco Bandits batting - Pitching for Houston Marshals : RHP Ron Scott
|
Pitching: RHP Edward Cadle
|
|
Batting: RHB Ramón Ruíz
|
0-0: Foul Ball, location: 2F 0-1: Ball 1-1: Ground out 6-3 (Groundball, 6)
|
Batting: LHB Alberto Gómez
|
0-0: Ground out 4-3 (Groundball, 4)
|
Batting: RHB Javier Ramírez
|
0-0: Fly out, F9 (Flyball, 9)
|
Bottom of the 7th over - 0 run(s), 0 hit(s), 0 error(s), 0 left on base; Houston 5 - San Francisco 3 |
TOP OF THE 8TH |
Houston Marshals batting - Pitching for San Francisco Bandits : RHP Felipe Reyes
|
Batting: LHB Lewis Barr
|
0-0: Called Strike 0-1: Ball 1-1: Fly out, F7 (Flyball, 78D)
|
Batting: RHB Jim Tracy
|
0-0: Foul Ball, location: 2F 0-1: Ball 1-1: Ball 2-1: Foul Ball, location: 2F 2-2: Ball 3-2: Base on Balls
|
Batting: RHB Sadao Kimura
|
0-0: Called Strike 0-1: Fly out, F6 (Line Drive, 6M)
|
Batting: RHB Gustavo Díaz
|
0-0: Ball 1-0: Ball 2-0: Ball 3-0: Base on Balls Jim Tracy to second
|
Pinch Hitting: LHB Kent MacDulothe
|
0-0: Ball 1-0: Ball 2-0: Ball 3-0: Called Strike 3-1: 3-RUN HOME RUN (Flyball, 9D), Distance : 372 ft
|
Batting: LHB John Peterson
|
0-0: Ball 1-0: Ball 2-0: Ball 3-0: Called Strike 3-1: SINGLE (Line Drive, 6MD)
|
Batting: RHB Chris Parker
|
0-0: Ball John Peterson steals 2nd base 1-0: Called Strike 1-1: Called Strike 1-2: Ball 2-2: Ball 3-2: Base on Balls
|
Pitching: RHP Mal Park
|
|
Batting: LHB José Rodríguez
|
0-0: Ball 1-0: Swinging Strike 1-1: Swinging Strike 1-2: Fly out, F9 (Flyball, 89D)
|
Top of the 8th over - 3 run(s), 2 hit(s), 0 error(s), 2 left on base; Houston 8 - San Francisco 3 |
BOTTOM OF THE 8TH |
San Francisco Bandits batting - Pitching for Houston Marshals : RHP Edward Cadle
|
Now at 2B: Ramón Lugo
|
|
Batting: RHB Gustavo Ortíz
|
0-0: DOUBLE (Line Drive, 7D)
|
Batting: RHB Owen Carter
|
0-0: Fly out, F7 (Flyball, 7D) Runner from 2nd tags up, SAFE at 3rd, no throw
|
Batting: RHB Juan Mendoza
|
0-0: Ball 1-0: Foul Ball, location: 2F 1-1: Ball 2-1: Foul Ball, location: 2F 2-2: Ball 3-2: Foul Ball, location: 2F 3-2: Base on Balls
|
Batting: LHB Mario García
|
0-0: Foul Ball, location: 2F 0-1: Ground out 5-3 (Groundball, 25) Gustavo Ortíz scores Juan Mendoza to second
|
Pitching: LHP Alfonso Ramos
|
|
Batting: RHB Cory Foster
|
0-0: Ball 1-0: Called Strike 1-1: Ball 2-1: Swinging Strike 2-2: Strikes out swinging
|
Bottom of the 8th over - 1 run(s), 1 hit(s), 0 error(s), 1 left on base; Houston 8 - San Francisco 4 |
TOP OF THE 9TH |
Houston Marshals batting - Pitching for San Francisco Bandits : RHP Mal Park
|
Batting: LHB Matt Smith
|
0-0: Ball 1-0: Called Strike 1-1: Ball 2-1: Ground out 4-3 (Groundball, 4)
|
Batting: LHB Lewis Barr
|
0-0: Called Strike 0-1: Foul Ball, location: 2F 0-2: Foul Ball, location: 2F 0-2: Ground out 3-1 (Groundball, 34S)
|
Batting: RHB Jim Tracy
|
0-0: Called Strike 0-1: Ball 1-1: Ball 2-1: Foul Ball, location: 2F 2-2: Ball 3-2: Foul Ball, location: 2F 3-2: Ground out 5-3 (Groundball, 56)
|
Top of the 9th over - 0 run(s), 0 hit(s), 0 error(s), 0 left on base; Houston 8 - San Francisco 4 |
BOTTOM OF THE 9TH |
San Francisco Bandits batting - Pitching for Houston Marshals : LHP Alfonso Ramos
|
Batting: LHB Anacleto Morillo
|
0-0: Fly out, F9 (Flyball, 9S)
|
Batting: RHB Ramón Ruíz
|
0-0: Called Strike 0-1: Swinging Strike 0-2: Ball 1-2: Foul Ball, location: 2F 1-2: Strikes out swinging
|
Batting: LHB Alberto Gómez
|
0-0: Called Strike 0-1: Foul Ball, location: 2F 0-2: Ball 1-2: Strikes out swinging
|
Bottom of the 9th over - 0 run(s), 0 hit(s), 0 error(s), 0 left on base; Houston 8 - San Francisco 4 |
|